VEGAS Golden Knights vs DETROIT Red Wings

Created - 5 février 2019 at 16:12

Goals
1 2 3 T
VEGAS Golden Knights 0 0 0 0
DETROIT Red Wings 2 1 2 5
Shots
1 2 3 T
VEGAS Golden Knights 4 6 4 14
DETROIT Red Wings 17 11 17 45

1st period

1. DETROIT Red Wings , Alexander Wennberg 10 (Shayne Gostisbehere 30, Jeff Petry 19) at 9:27 (PP)
2. DETROIT Red Wings , Sidney Crosby 25 (T.J. Oshie 25, Jeff Petry 20) at 14:18

Penalties :
Cody Eakin (VGK) for Roughing (Minor) at 4:02, Brendan Smith (VGK) for Hooking (Minor) at 9:15, Jeff Petry (DET) for Holding (Minor) at 15:53

2nd period

3. DETROIT Red Wings , Cam Fowler 8 (Erik Karlsson 39, Evander Kane 15) at 13:47 (PP)

Penalties :
Cody Eakin (VGK) for Holding (Minor) at 8:28, Brenden Dillon (VGK) for Tripping (Minor) at 11:50, Carl Gunnarsson (DET) for Cross-checking (Minor) at 14:05

3rd period

4. DETROIT Red Wings , T.J. Oshie 24 (Sidney Crosby 40, Evgeny Kuznetsov 30) at 2:54 (PP)
5. DETROIT Red Wings , Ryan O'Reilly 20 (Evander Kane 16, Carl Gunnarsson 11) at 5:57

Penalties :
Brenden Dillon (VGK) for High sticking (Minor) at 1:57, Marc Methot (VGK) for Slashing (Minor) at 18:46

Goalie Stats

Charlie Lindgren (VGK), 40 saves from 45 shots - (0,889), L, 12-29-7, 60:00 minutes
Carey Price (DET), 14 saves from 14 shots - (1,000), W, 30-14-4, 60:00 minutes

Players Stats for VEGAS Golden Knights

Player Name              G  A  P  +/- PIM S  H  SB GA TA FO     MP     PP MP  PK MP  
------------------------------------------------------------------------------------
Antoine Roussel          0  0  0  -1  0   2  1  0  0  0  7/15   14:39   0:33   0:00 
Benoit Pouliot           0  0  0   0  0   2  2  0  0  0  1/2    13:06   0:00   0:00 
Brendan Smith            0  0  0  -1  2   0  0  1  0  0  0/0    17:36   0:03   0:00 
Brenden Dillon           0  0  0  -1  4   0  2  0  0  0  0/0    22:40   2:17   1:52 
Calle Jarnkrok           0  0  0  -1  0   1  0  2  0  0  4/21   17:44   2:31   0:22 
Cody Eakin               0  0  0   0  4   1  1  0  0  0  10/20  15:38   2:34   0:00 
Joel Ward                0  0  0  -1  0   1  0  0  0  0  0/1    14:06   0:00   0:00 
Joonas Donskoi           0  0  0   0  0   1  0  0  0  0  0/1     6:32   0:03   0:00 
Jordan Oesterle          0  0  0  -1  0   0  0  2  0  0  0/0    21:51   1:05   5:36 
Justin Braun             0  0  0  -1  0   0  6  3  0  0  0/0    22:46   1:38   5:08 
Marc Methot              0  0  0   0  2   1  2  2  0  0  0/0    17:28   2:17   2:32 
Markus Granlund          0  0  0   0  0   0  0  0  0  0  0/0    15:51   1:24   1:21 
Matt Stajan              0  0  0   0  0   0  1  0  0  0  4/15   13:31   0:51   6:11 
Mattias Janmark          0  0  0  -1  0   2  0  0  0  0  0/0    22:26   1:24   6:11 
Michael Raffl            0  0  0   0  0   0  0  0  0  0  1/1     7:17   0:03   0:45 
Mike Reilly              0  0  0   0  0   0  0  0  0  0  0/0    16:01   0:36   1:26 
Nick Bjugstad            0  0  0  -1  0   1  1  1  0  0  0/0    19:06   2:31   1:44 
Zack Kassian             0  0  0  -1  0   2  1  0  0  0  0/1    13:19   0:00   0:00 

Players Stats for DETROIT Red Wings

Player Name              G  A  P  +/- PIM S  H  SB GA TA FO     MP     PP MP  PK MP  
------------------------------------------------------------------------------------
Alexander Wennberg       1  0  1   1  0   2  1  1  0  0  0/1    18:35   4:26   0:00 
Bryan Rust               0  0  0   0  0   7  1  0  0  0  0/1    11:10   0:00   0:00 
Cam Fowler               1  0  1   0  0   4  1  1  0  0  0/0    24:02   4:25   2:16 
Carl Gunnarsson          0  1  1   1  2   1  0  0  0  0  0/0    14:22   0:00   0:38 
Derek MacKenzie          0  0  0   0  0   1  0  0  0  0  4/6     6:50   0:00   1:21 
Erik Karlsson            0  1  1   1  0   2  0  0  0  0  0/0    24:48   4:25   1:29 
Evander Kane             0  2  2   1  0   3  4  0  0  0  1/3    18:35   4:26   0:00 
Evgeny Kuznetsov         0  1  1   1  0   2  0  0  0  0  2/2    21:24   3:51   0:36 
Jan Rutta                0  0  0   1  0   1  2  0  0  0  0/0    15:27   0:00   1:42 
Jeff Petry               0  2  2   1  2   2  4  1  0  0  0/0    21:45   3:52   1:15 
Lars Eller               0  0  0   0  0   3  0  0  0  0  11/16  12:33   0:00   1:23 
Micheal Ferland          0  0  0   0  0   0  0  0  0  0  0/0     5:29   0:00   0:00 
Pierre-Edouard Bellemare 0  0  0   0  0   2  0  0  0  0  0/0     5:29   0:00   0:00 
Ryan O'Reilly            1  0  1   1  0   5  0  0  0  0  17/25  20:58   4:26   2:23 
Shayne Gostisbehere      0  1  1   0  0   0  1  0  0  0  0/0    19:34   3:52   0:36 
Sidney Crosby            1  1  2   1  0   4  2  0  0  0  14/21  20:48   3:51   0:00 
T.J. Oshie               1  1  2   1  0   4  2  0  0  0  0/1    20:48   3:51   0:00 
Zach Hyman               0  0  0   0  0   2  0  0  0  0  1/1    13:23   0:00   2:13 

3 Stars

1 - Sidney Crosby (DET)
2 - T.J. Oshie (DET)
3 - Evander Kane (DET)

Power Play

VEGAS Golden Knights - 0 on 2 Attempt(s) - 0,00%
DETROIT Red Wings - 3 on 6 Attempt(s) - 50,00%

Penalty Kill

VEGAS Golden Knights - 3 on 6 Attempt(s) - 50,00% - Score 0 goal in Penalty Kill
DETROIT Red Wings - 2 on 2 Attempt(s) - 100,00% - Score 0 goal in Penalty Kill

Team Stat

VEGAS Golden Knights - Hits : 17 - Faceoff Wins : 27 - Blocked Shots : 11 - Penalty Minutes : 12
DETROIT Red Wings - Hits : 18 - Faceoff Wins : 50 - Blocked Shots : 3 - Penalty Minutes : 4

Official

Referees : Unknown
Linesman : Unknown

Game Notes

No Game Note

Finance

Level 1 -- Attendance: 4526 (75,43%) -- Ticket Income 448 074 $
Level 2 -- Attendance: 3984 (79,68%) -- Ticket Income 235 056 $
Level 3 -- Attendance: 1805 (90,25%) -- Ticket Income 66 785 $
Level 4 -- Attendance: 4000 (100,00%) -- Ticket Income 60 000 $
Luxury Box -- Attendance: 747 (74,70%) -- Ticket Income 155 376 $
Game was played at the Joe Louis Arena.
Total Attendance: 15062 (83,68%)
Total Ticket Income: 965 291 $
Other Income: 376 463 $
Total Income: 1 341 754 $

VEGAS Golden Knights

5 vs 5 Forward 
   Center                   Left Wing                Right Wing               Time % Phy DF OF 
 1 Calle Jarnkrok           Mattias Janmark          Nick Bjugstad            40     1   2  2  
 2 Cody Eakin               Benoit Pouliot           Markus Granlund          30     1   2  2  
 3 Antoine Roussel          Joel Ward                Zack Kassian             25     5   0  0  
 4 Matt Stajan              Joonas Donskoi           Michael Raffl            5      1   2  2  

5 vs 5 Defense 
   Defense                  Defense                                           Time % Phy DF OF 
 1 Jordan Oesterle          Justin Braun                                      40     1   2  2  
 2 Brenden Dillon           Brendan Smith                                     30     1   2  2  
 3 Marc Methot              Mike Reilly                                       20     1   2  2  
 4 Brenden Dillon           Justin Braun                                      10     1   2  2  

PowerPlay Forward 
   Center                   Left Wing                Right Wing               Time % Phy DF OF 
 1 Cody Eakin               Calle Jarnkrok           Nick Bjugstad            60     1   2  2  
 2 Matt Stajan              Mattias Janmark          Markus Granlund          40     1   2  2  

PowerPlay Defense
   Defense                  Defense                                           Time % Phy DF OF 
 1 Justin Braun             Jordan Oesterle                                   60     1   2  2  
 2 Brenden Dillon           Marc Methot                                       40     1   2  2  

Penalty Kill 4 Players Forward 
   Center                   Wing                     Time % Phy DF OF 
 1 Matt Stajan              Mattias Janmark          60     1   2  2  
 2 Nick Bjugstad            Markus Granlund          40     1   2  2  

Penalty Kill 4 Players Defense
   Defense                  Defense                  Time % Phy DF OF 
 1 Jordan Oesterle          Justin Braun             60     1   2  2  
 2 Brenden Dillon           Marc Methot              40     1   2  2  

Penalty Kill - 3 Players Forward 
   Forward                                           Time % Phy DF OF 
 1 Matt Stajan                                       60     1   2  2  
 2 Markus Granlund                                   40     1   2  2  

Penalty Kill - 3 Players Defense
   Defense                  Defense                  Time % Phy DF OF 
 1 Jordan Oesterle          Marc Methot              60     1   2  2  
 2 Brenden Dillon           Justin Braun             40     1   2  2  

4 vs 4 Forward 
   Center                   Wing                     Time % Phy DF OF 
 1 Markus Granlund          Matt Stajan              60     1   2  2  
 2 Nick Bjugstad            Mattias Janmark          40     1   2  2  

4 vs 4 Defense
   Defense                  Defense                  Time % Phy DF OF 
 1 Jordan Oesterle          Marc Methot              60     1   2  2  
 2 Brenden Dillon           Justin Braun             40     1   2  2  

Last Minutes Offensive
   Center                   Left Wing                Right Wing               Defense                  Defense                  
   Calle Jarnkrok           Mattias Janmark          Nick Bjugstad            Jordan Oesterle          Justin Braun             

Last Minutes Defensive
   Center                   Left Wing                Right Wing               Defense                  Defense                  
   Calle Jarnkrok           Mattias Janmark          Nick Bjugstad            Jordan Oesterle          Justin Braun             

Goaltenders
Starting : Charlie Lindgren         
Backup : Chad Johnson             

Extra Forwards
Normal : Markus Granlund, Mattias Janmark, Matt Stajan - PP : Matt Stajan, Markus Granlund - PK : Matt Stajan
Extra Defensemen
Normal : Marc Methot, Jordan Oesterle, Brenden Dillon - PP : Brenden Dillon - PK : Jordan Oesterle, Brenden Dillon
Penalty Shots
Nick Bjugstad, Matt Stajan, Mattias Janmark, Calle Jarnkrok, Markus Granlund

DETROIT Red Wings

5 vs 5 Forward 
   Center                   Left Wing                Right Wing               Time % Phy DF OF 
 1 Sidney Crosby            Evgeny Kuznetsov         T.J. Oshie               35     1   1  3  
 2 Ryan O'Reilly            Evander Kane             Alexander Wennberg       30     1   1  3  
 3 Lars Eller               Bryan Rust               Zach Hyman               25     1   2  2  
 4 Derek MacKenzie          Pierre-Edouard Bellemare Micheal Ferland          10     1   2  2  

5 vs 5 Defense 
   Defense                  Defense                                           Time % Phy DF OF 
 1 Erik Karlsson            Cam Fowler                                        35     1   1  3  
 2 Jeff Petry               Shayne Gostisbehere                               30     1   1  3  
 3 Jan Rutta                Carl Gunnarsson                                   25     1   2  2  
 4 Erik Karlsson            Jeff Petry                                        10     1   2  2  

PowerPlay Forward 
   Center                   Left Wing                Right Wing               Time % Phy DF OF 
 1 Sidney Crosby            Evgeny Kuznetsov         T.J. Oshie               60     0   1  4  
 2 Ryan O'Reilly            Evander Kane             Alexander Wennberg       40     0   1  4  

PowerPlay Defense
   Defense                  Defense                                           Time % Phy DF OF 
 1 Erik Karlsson            Cam Fowler                                        60     0   1  4  
 2 Jeff Petry               Shayne Gostisbehere                               40     0   1  4  

Penalty Kill 4 Players Forward 
   Center                   Wing                     Time % Phy DF OF 
 1 Ryan O'Reilly            Zach Hyman               60     1   3  1  
 2 Derek MacKenzie          Lars Eller               40     1   3  1  

Penalty Kill 4 Players Defense
   Defense                  Defense                  Time % Phy DF OF 
 1 Jeff Petry               Cam Fowler               60     1   3  1  
 2 Jan Rutta                Carl Gunnarsson          40     1   3  1  

Penalty Kill - 3 Players Forward 
   Forward                                           Time % Phy DF OF 
 1 Ryan O'Reilly                                     60     1   4  0  
 2 Lars Eller                                        40     1   4  0  

Penalty Kill - 3 Players Defense
   Defense                  Defense                  Time % Phy DF OF 
 1 Jeff Petry               Cam Fowler               60     1   4  0  
 2 Jan Rutta                Carl Gunnarsson          40     1   4  0  

4 vs 4 Forward 
   Center                   Wing                     Time % Phy DF OF 
 1 Sidney Crosby            Evgeny Kuznetsov         60     1   1  3  
 2 Ryan O'Reilly            T.J. Oshie               40     1   1  3  

4 vs 4 Defense
   Defense                  Defense                  Time % Phy DF OF 
 1 Erik Karlsson            Cam Fowler               60     1   2  2  
 2 Jeff Petry               Shayne Gostisbehere      40     1   2  2  

Last Minutes Offensive
   Center                   Left Wing                Right Wing               Defense                  Defense                  
   Sidney Crosby            Evgeny Kuznetsov         T.J. Oshie               Erik Karlsson            Cam Fowler               

Last Minutes Defensive
   Center                   Left Wing                Right Wing               Defense                  Defense                  
   Ryan O'Reilly            Lars Eller               Zach Hyman               Erik Karlsson            Cam Fowler               

Goaltenders
Starting : Carey Price              
Backup : Aaron Dell               

Extra Forwards
Normal : Micheal Ferland, Zach Hyman, Lars Eller - PP : Bryan Rust, Zach Hyman - PK : Lars Eller
Extra Defensemen
Normal : Jeff Petry, Shayne Gostisbehere, Erik Karlsson - PP : Erik Karlsson - PK : Jeff Petry, Erik Karlsson
Penalty Shots
Sidney Crosby, Lars Eller, T.J. Oshie, Evander Kane, Evgeny Kuznetsov


% Time on Ice - VEGAS Golden Knights

Lines # - Real PCT - Wanted PCT - Time Play
Normal Forward
1 - 31% - 40% - 14:51
2 - 27% - 30% - 13:06
3 - 28% - 25% - 13:19
4 - 14% - 5% - 6:29
Normal Defense
1 - 29% - 40% - 14:00
2 - 35% - 30% - 16:46
3 - 29% - 20% - 13:49
4 - 7% - 10% - 3:10
PP Forward
1 - 63% - 60% - 2:31
2 - 37% - 40% - 1:27
PP Defense
1 - 42% - 60% - 1:41
2 - 58% - 40% - 2:17
PK Forward
1 - 79% - 60% - 6:33
2 - 21% - 40% - 1:44
PK Defense
1 - 62% - 60% - 5:08
2 - 38% - 40% - 3:09
PK3 Forward
1 - 0% - 60%
2 - 0% - 40%
PK3 Defense
1 - 0% - 60%
2 - 0% - 40%
44 Forward
1 - 0% - 60%
2 - 0% - 40%
44 Defense
1 - 0% - 60%
2 - 0% - 40%
Last Minute Offensive  - 0:00
Last Minute Defensive  - 0:00
Total
Forward - 60:00
Defense - 60:00

% Time on Ice - DETROIT Red Wings

Lines # - Real PCT - Wanted PCT - Time Play
Normal Forward
1 - 35% - 35% - 16:57
2 - 30% - 30% - 14:09
3 - 23% - 25% - 11:10
4 - 11% - 10% - 5:29
Normal Defense
1 - 36% - 35% - 17:21
2 - 30% - 30% - 14:26
3 - 29% - 25% - 13:45
4 - 5% - 10% - 2:13
PP Forward
1 - 46% - 60% - 3:51
2 - 54% - 40% - 4:26
PP Defense
1 - 53% - 60% - 4:25
2 - 47% - 40% - 3:52
PK Forward
1 - 71% - 60% - 2:49
2 - 29% - 40% - 1:09
PK Defense
1 - 57% - 60% - 2:16
2 - 43% - 40% - 1:42
PK3 Forward
1 - 0% - 60%
2 - 0% - 40%
PK3 Defense
1 - 0% - 60%
2 - 0% - 40%
44 Forward
1 - 0% - 60%
2 - 0% - 40%
44 Defense
1 - 0% - 60%
2 - 0% - 40%
Last Minute Offensive  - 0:00
Last Minute Defensive  - 0:00
Total
Forward - 60:00
Defense - 60:00

Play-by-Play

1st period


0:01 of 1st period - Sidney Crosby wins face-off versus Calle Jarnkrok in neutral zone.
0:10 of 1st period - Shot by T.J. Oshie.
0:10 of 1st period - Stopped by Charlie Lindgren without a rebound.
0:11 of 1st period - Cody Eakin wins face-off versus Ryan O'Reilly in VEGAS Golden Knights zone.
0:17 of 1st period - Jeff Petry is hit by Benoit Pouliot and loses puck.
0:21 of 1st period - Off-side.
0:22 of 1st period - Zach Hyman wins face-off versus Joel Ward in neutral zone.
0:54 of 1st period - Shot by Zach Hyman.
0:54 of 1st period - Shot Misses the Net.
0:56 of 1st period - Shot by Carl Gunnarsson.
0:56 of 1st period - Shot Misses the Net.
1:26 of 1st period - Justin Braun is hit by T.J. Oshie and loses puck.
1:47 of 1st period - Shot by Sidney Crosby.
1:47 of 1st period - Stopped by Charlie Lindgren without a rebound.
1:48 of 1st period - Cody Eakin wins face-off versus Ryan O'Reilly in VEGAS Golden Knights zone.
1:54 of 1st period - Off-side.
1:55 of 1st period - Ryan O'Reilly wins face-off versus Cody Eakin in neutral zone.
2:19 of 1st period - Alexander Wennberg is hit by Brenden Dillon and loses puck.
4:02 of 1st period - Minor Penalty to Cody Eakin for Roughing.
4:03 of 1st period - Ryan O'Reilly wins face-off versus Matt Stajan in VEGAS Golden Knights zone.
4:06 of 1st period - Shot by Evander Kane.
4:06 of 1st period - Stopped by Charlie Lindgren without a rebound.
4:07 of 1st period - Ryan O'Reilly wins face-off versus Matt Stajan in VEGAS Golden Knights zone.
5:17 of 1st period - Icing by T.J. Oshie.
5:18 of 1st period - Matt Stajan wins face-off versus Sidney Crosby in DETROIT Red Wings zone.
6:15 of 1st period - Shot by Pierre-Edouard Bellemare.
6:15 of 1st period - Stopped by Charlie Lindgren without a rebound.
6:16 of 1st period - Lars Eller wins face-off versus Calle Jarnkrok in VEGAS Golden Knights zone.
6:19 of 1st period - Shot by Zach Hyman.
6:19 of 1st period - Shot Misses the Net.
6:35 of 1st period - Shot by Calle Jarnkrok.
6:35 of 1st period - Shot Blocked by Jeff Petry.
6:37 of 1st period - Shot by Nick Bjugstad.
6:37 of 1st period - Stopped by Carey Price without a rebound.
6:38 of 1st period - Ryan O'Reilly wins face-off versus Antoine Roussel in DETROIT Red Wings zone.
7:03 of 1st period - Shot by Evander Kane.
7:03 of 1st period - Stopped by Charlie Lindgren without a rebound.
7:04 of 1st period - Evgeny Kuznetsov wins face-off versus Joonas Donskoi in VEGAS Golden Knights zone.
7:07 of 1st period - Shot by Sidney Crosby.
7:07 of 1st period - Shot Misses the Net.
7:12 of 1st period - Joonas Donskoi is hit by Cam Fowler and loses puck.
7:49 of 1st period - Icing by T.J. Oshie.
7:50 of 1st period - Evgeny Kuznetsov wins face-off versus Calle Jarnkrok in DETROIT Red Wings zone.
7:56 of 1st period - Cam Fowler is hit by Justin Braun and loses puck.
8:56 of 1st period - Evander Kane is hit by Zack Kassian and loses puck.
9:02 of 1st period - Icing by Jeff Petry.
9:03 of 1st period - Ryan O'Reilly wins face-off versus Cody Eakin in DETROIT Red Wings zone.
9:15 of 1st period - Minor Penalty to Brendan Smith for Hooking.
9:16 of 1st period - Matt Stajan wins face-off versus Evander Kane in VEGAS Golden Knights zone.
9:27 of 1st period - Shot by Alexander Wennberg.
9:27 of 1st period - Goal by Alexander Wennberg - VEGAS Golden Knights : 0 - DETROIT Red Wings : 1.
9:28 of 1st period - Lars Eller wins face-off versus Antoine Roussel in neutral zone.
9:37 of 1st period - Shot by Lars Eller.
9:37 of 1st period - Shot Blocked by Justin Braun.
9:49 of 1st period - Shot by Jan Rutta.
9:49 of 1st period - Stopped by Charlie Lindgren without a rebound.
9:50 of 1st period - Ryan O'Reilly wins face-off versus Calle Jarnkrok in VEGAS Golden Knights zone.
9:53 of 1st period - Shot by Ryan O'Reilly.
9:53 of 1st period - Stopped by Charlie Lindgren with a rebound.
10:46 of 1st period - Icing by Marc Methot.
10:47 of 1st period - Lars Eller wins face-off versus Calle Jarnkrok in VEGAS Golden Knights zone.
10:58 of 1st period - Calle Jarnkrok is hit by Jan Rutta.
12:04 of 1st period - Shot by Brenden Dillon.
12:04 of 1st period - Shot Misses the Net.
12:06 of 1st period - Shot by Joel Ward.
12:06 of 1st period - Shot Blocked by Cam Fowler.
12:08 of 1st period - Shot by Antoine Roussel.
12:08 of 1st period - Stopped by Carey Price without a rebound.
12:09 of 1st period - Ryan O'Reilly wins face-off versus Matt Stajan in DETROIT Red Wings zone.
12:14 of 1st period - Shot by Jeff Petry.
12:14 of 1st period - Stopped by Charlie Lindgren without a rebound.
12:15 of 1st period - Antoine Roussel wins face-off versus Evander Kane in VEGAS Golden Knights zone.
12:15 of 1st period - Antoine Roussel is hit by Evander Kane.
12:45 of 1st period - Icing by Antoine Roussel.
12:46 of 1st period - Sidney Crosby wins face-off versus Zack Kassian in VEGAS Golden Knights zone.
13:10 of 1st period - Icing by Brendan Smith.
13:11 of 1st period - Lars Eller wins face-off versus Antoine Roussel in VEGAS Golden Knights zone.
13:30 of 1st period - Shot by Jeff Petry.
13:30 of 1st period - Stopped by Charlie Lindgren without a rebound.
13:31 of 1st period - Sidney Crosby wins face-off versus Calle Jarnkrok in VEGAS Golden Knights zone.
13:34 of 1st period - Shot by Evgeny Kuznetsov.
13:34 of 1st period - Deflect By Sidney Crosby.
13:34 of 1st period - Stopped by Charlie Lindgren without a rebound.
13:35 of 1st period - Sidney Crosby wins face-off versus Calle Jarnkrok in VEGAS Golden Knights zone.
14:14 of 1st period - Shot by T.J. Oshie.
14:14 of 1st period - Stopped by Charlie Lindgren with a rebound.
14:16 of 1st period - Shot by T.J. Oshie.
14:16 of 1st period - Shot Blocked by Calle Jarnkrok.
14:18 of 1st period - Shot by Sidney Crosby.
14:18 of 1st period - Goal by Sidney Crosby - VEGAS Golden Knights : 0 - DETROIT Red Wings : 2.
14:19 of 1st period - Lars Eller wins face-off versus Cody Eakin in neutral zone.
14:26 of 1st period - Shot by Bryan Rust.
14:26 of 1st period - Stopped by Charlie Lindgren without a rebound.
14:27 of 1st period - Cody Eakin wins face-off versus Ryan O'Reilly in VEGAS Golden Knights zone.
14:38 of 1st period - Shot by Benoit Pouliot.
14:38 of 1st period - Stopped by Carey Price without a rebound.
14:39 of 1st period - Lars Eller wins face-off versus Matt Stajan in DETROIT Red Wings zone.
15:14 of 1st period - Justin Braun is hit by Bryan Rust and loses puck.
15:21 of 1st period - Shot by Bryan Rust.
15:21 of 1st period - Stopped by Charlie Lindgren with a rebound.
15:23 of 1st period - Shot by Zach Hyman.
15:23 of 1st period - Stopped by Charlie Lindgren without a rebound.
15:24 of 1st period - Ryan O'Reilly wins face-off versus Calle Jarnkrok in VEGAS Golden Knights zone.
15:29 of 1st period - Shot by Alexander Wennberg.
15:29 of 1st period - Shot Misses the Net.
15:40 of 1st period - Mattias Janmark is hit by Jeff Petry.
15:50 of 1st period - Shot by Mattias Janmark.
15:50 of 1st period - Shot Misses the Net.
15:53 of 1st period - Minor Penalty to Jeff Petry for Holding.
15:54 of 1st period - Ryan O'Reilly wins face-off versus Cody Eakin in DETROIT Red Wings zone.
16:42 of 1st period - Shot by Lars Eller.
16:42 of 1st period - Shot Blocked by Justin Braun.
16:44 of 1st period - Shot by Jan Rutta.
16:44 of 1st period - Shot Blocked by Nick Bjugstad.
16:46 of 1st period - Shot by Lars Eller.
16:46 of 1st period - Shot Misses the Net.
17:59 of 1st period - Carl Gunnarsson is hit by Antoine Roussel and loses puck.
18:58 of 1st period - Shot by Michael Raffl.
18:58 of 1st period - Deflect By Joonas Donskoi.
18:58 of 1st period - Shot Misses the Net.
19:02 of 1st period - Shot by Joonas Donskoi.
19:02 of 1st period - Stopped by Carey Price without a rebound.
19:03 of 1st period - Cody Eakin wins face-off versus Lars Eller in DETROIT Red Wings zone.
19:18 of 1st period - Shot by Bryan Rust.
19:18 of 1st period - Deflect By Lars Eller.
19:18 of 1st period - Stopped by Charlie Lindgren without a rebound.
19:19 of 1st period - Sidney Crosby wins face-off versus Calle Jarnkrok in VEGAS Golden Knights zone.
Goals for this period are 0 for VEGAS Golden Knights vs 2 for DETROIT Red Wings.
Shots for this period are 4 for VEGAS Golden Knights vs 17 for DETROIT Red Wings.

2nd period


0:01 of 2nd period - Calle Jarnkrok wins face-off versus Alexander Wennberg in neutral zone.
0:01 of 2nd period - Calle Jarnkrok is hit by Evander Kane.
0:07 of 2nd period - Shot by Calle Jarnkrok.
0:07 of 2nd period - Shot Misses the Net.
0:13 of 2nd period - Shot by Mattias Janmark.
0:13 of 2nd period - Stopped by Carey Price without a rebound.
0:14 of 2nd period - Cody Eakin wins face-off versus Sidney Crosby in DETROIT Red Wings zone.
1:51 of 2nd period - Shot by Mattias Janmark.
1:51 of 2nd period - Stopped by Carey Price without a rebound.
1:52 of 2nd period - Antoine Roussel wins face-off versus Bryan Rust in DETROIT Red Wings zone.
1:55 of 2nd period - Shot by Joel Ward.
1:55 of 2nd period - Shot Misses the Net.
1:57 of 2nd period - Shot by Zack Kassian.
1:57 of 2nd period - Stopped by Carey Price without a rebound.
1:58 of 2nd period - Lars Eller wins face-off versus Antoine Roussel in DETROIT Red Wings zone.
2:17 of 2nd period - Shot by Zach Hyman.
2:17 of 2nd period - Shot Misses the Net.
2:19 of 2nd period - Shot by Zach Hyman.
2:19 of 2nd period - Stopped by Charlie Lindgren without a rebound.
2:20 of 2nd period - Ryan O'Reilly wins face-off versus Calle Jarnkrok in VEGAS Golden Knights zone.
2:22 of 2nd period - Alexander Wennberg is hit by Justin Braun and loses puck.
2:25 of 2nd period - Shot by Alexander Wennberg.
2:25 of 2nd period - Shot Misses the Net.
2:36 of 2nd period - Alexander Wennberg is hit by Justin Braun and loses puck.
3:36 of 2nd period - Icing by Cam Fowler.
3:37 of 2nd period - Lars Eller wins face-off versus Cody Eakin in DETROIT Red Wings zone.
3:41 of 2nd period - Off-side.
3:42 of 2nd period - Sidney Crosby wins face-off versus Cody Eakin in neutral zone.
3:42 of 2nd period - Sidney Crosby is hit by Benoit Pouliot.
3:46 of 2nd period - Shot by Evgeny Kuznetsov.
3:46 of 2nd period - Shot Misses the Net.
4:09 of 2nd period - Off-side.
4:10 of 2nd period - Lars Eller wins face-off versus Antoine Roussel in neutral zone.
4:37 of 2nd period - Shot by Erik Karlsson.
4:37 of 2nd period - Shot Misses the Net.
4:41 of 2nd period - Shot by Bryan Rust.
4:41 of 2nd period - Deflect By Lars Eller.
4:41 of 2nd period - Shot Misses the Net.
4:43 of 2nd period - Shot by Bryan Rust.
4:43 of 2nd period - Stopped by Charlie Lindgren without a rebound.
4:44 of 2nd period - Sidney Crosby wins face-off versus Benoit Pouliot in VEGAS Golden Knights zone.
4:49 of 2nd period - Shot by Evgeny Kuznetsov.
4:49 of 2nd period - Stopped by Charlie Lindgren without a rebound.
4:50 of 2nd period - Ryan O'Reilly wins face-off versus Calle Jarnkrok in VEGAS Golden Knights zone.
4:50 of 2nd period - Shayne Gostisbehere is hit by Justin Braun and loses puck.
5:03 of 2nd period - Shot by Ryan O'Reilly.
5:03 of 2nd period - Shot Misses the Net.
5:05 of 2nd period - Shot by Alexander Wennberg.
5:05 of 2nd period - Shot Misses the Net.
5:07 of 2nd period - Shot by Ryan O'Reilly.
5:07 of 2nd period - Stopped by Charlie Lindgren without a rebound.
5:08 of 2nd period - Cody Eakin wins face-off versus T.J. Oshie in VEGAS Golden Knights zone.
5:54 of 2nd period - Icing by Sidney Crosby.
5:55 of 2nd period - Sidney Crosby wins face-off versus Calle Jarnkrok in DETROIT Red Wings zone.
6:16 of 2nd period - Shot by Nick Bjugstad.
6:16 of 2nd period - Shot Misses the Net.
7:35 of 2nd period - Shot by Lars Eller.
7:35 of 2nd period - Shot Hit the Post.
7:37 of 2nd period - Shot by Bryan Rust.
7:37 of 2nd period - Stopped by Charlie Lindgren without a rebound.
7:38 of 2nd period - Sidney Crosby wins face-off versus Cody Eakin in VEGAS Golden Knights zone.
7:41 of 2nd period - Shot by T.J. Oshie.
7:41 of 2nd period - Shot Misses the Net.
7:43 of 2nd period - Shot by Jan Rutta.
7:43 of 2nd period - Shot Misses the Net.
7:45 of 2nd period - Shot by Jan Rutta.
7:45 of 2nd period - Shot Blocked by Brendan Smith.
7:47 of 2nd period - Shot by Jan Rutta.
7:47 of 2nd period - Shot Misses the Net.
8:04 of 2nd period - Icing by Markus Granlund.
8:05 of 2nd period - Benoit Pouliot wins face-off versus Ryan O'Reilly in VEGAS Golden Knights zone.
8:05 of 2nd period - Benoit Pouliot is hit by Evander Kane.
8:11 of 2nd period - Shot by Markus Granlund.
8:11 of 2nd period - Shot Misses the Net.
8:22 of 2nd period - Cody Eakin is hit by Jeff Petry and loses puck.
8:28 of 2nd period - Minor Penalty to Cody Eakin for Holding.
8:29 of 2nd period - Matt Stajan wins face-off versus Sidney Crosby in VEGAS Golden Knights zone.
8:36 of 2nd period - Shot by Erik Karlsson.
8:36 of 2nd period - Stopped by Charlie Lindgren without a rebound.
8:37 of 2nd period - Sidney Crosby wins face-off versus Matt Stajan in VEGAS Golden Knights zone.
8:37 of 2nd period - Sidney Crosby is hit by Justin Braun.
10:46 of 2nd period - Shot by Jan Rutta.
10:46 of 2nd period - Shot Misses the Net.
10:48 of 2nd period - Shot by Bryan Rust.
10:48 of 2nd period - Stopped by Charlie Lindgren without a rebound.
10:49 of 2nd period - Derek MacKenzie wins face-off versus Cody Eakin in VEGAS Golden Knights zone.
10:54 of 2nd period - Shot by Pierre-Edouard Bellemare.
10:54 of 2nd period - Stopped by Charlie Lindgren without a rebound.
10:55 of 2nd period - Antoine Roussel wins face-off versus Sidney Crosby in VEGAS Golden Knights zone.
10:55 of 2nd period - Antoine Roussel is hit by Sidney Crosby.
11:08 of 2nd period - Brenden Dillon is hit by Sidney Crosby and loses puck.
11:15 of 2nd period - Shot by Evgeny Kuznetsov.
11:15 of 2nd period - Deflect By Sidney Crosby.
11:15 of 2nd period - Shot Misses the Net.
11:17 of 2nd period - Shot by T.J. Oshie.
11:17 of 2nd period - Shot Misses the Net.
11:50 of 2nd period - Minor Penalty to Brenden Dillon for Tripping.
11:51 of 2nd period - Ryan O'Reilly wins face-off versus Matt Stajan in VEGAS Golden Knights zone.
12:08 of 2nd period - Alexander Wennberg is hit by Justin Braun and loses puck.
13:07 of 2nd period - Shot by Jeff Petry.
13:07 of 2nd period - Shot Blocked by Justin Braun.
13:09 of 2nd period - Shot by Evgeny Kuznetsov.
13:09 of 2nd period - Shot Misses the Net.
13:43 of 2nd period - Shot by Evander Kane.
13:43 of 2nd period - Shot Blocked by Marc Methot.
13:45 of 2nd period - Shot by Erik Karlsson.
13:45 of 2nd period - Shot Blocked by Marc Methot.
13:47 of 2nd period - Shot by Cam Fowler.
13:47 of 2nd period - Goal by Cam Fowler - VEGAS Golden Knights : 0 - DETROIT Red Wings : 3.
13:48 of 2nd period - Antoine Roussel wins face-off versus Lars Eller in neutral zone.
14:05 of 2nd period - Shot by Marc Methot.
14:05 of 2nd period - Stopped by Carey Price without a rebound.
14:05 of 2nd period - Minor Penalty to Carl Gunnarsson for Cross-checking.
14:06 of 2nd period - Ryan O'Reilly wins face-off versus Cody Eakin in DETROIT Red Wings zone.
14:06 of 2nd period - Ryan O'Reilly is hit by Cody Eakin.
15:30 of 2nd period - Shot by Lars Eller.
15:30 of 2nd period - Stopped by Charlie Lindgren without a rebound.
15:31 of 2nd period - Cody Eakin wins face-off versus Derek MacKenzie in VEGAS Golden Knights zone.
16:27 of 2nd period - Shot by Antoine Roussel.
16:27 of 2nd period - Stopped by Carey Price without a rebound.
16:28 of 2nd period - Derek MacKenzie wins face-off versus Matt Stajan in DETROIT Red Wings zone.
16:28 of 2nd period - Derek MacKenzie is hit by Matt Stajan.
16:56 of 2nd period - Shot by Micheal Ferland.
16:56 of 2nd period - Shot Misses the Net.
16:58 of 2nd period - Shot by Carl Gunnarsson.
16:58 of 2nd period - Stopped by Charlie Lindgren without a rebound.
16:59 of 2nd period - Ryan O'Reilly wins face-off versus Antoine Roussel in VEGAS Golden Knights zone.
17:02 of 2nd period - Shot by Evander Kane.
17:02 of 2nd period - Shot Misses the Net.
17:14 of 2nd period - Icing by Zack Kassian.
17:15 of 2nd period - Sidney Crosby wins face-off versus Antoine Roussel in VEGAS Golden Knights zone.
17:37 of 2nd period - Joel Ward is hit by T.J. Oshie and loses puck.
18:21 of 2nd period - Nick Bjugstad is hit by Jeff Petry and loses puck.
18:58 of 2nd period - Shot by Benoit Pouliot.
18:58 of 2nd period - Stopped by Carey Price without a rebound.
18:59 of 2nd period - Lars Eller wins face-off versus Matt Stajan in DETROIT Red Wings zone.
19:12 of 2nd period - Shot by Bryan Rust.
19:12 of 2nd period - Shot Misses the Net.
19:51 of 2nd period - Off-side.
19:52 of 2nd period - Sidney Crosby wins face-off versus Calle Jarnkrok in neutral zone.
Goals for this period are 0 for VEGAS Golden Knights vs 1 for DETROIT Red Wings.
Shots for this period are 6 for VEGAS Golden Knights vs 11 for DETROIT Red Wings.

3rd period


0:01 of 3rd period - Ryan O'Reilly wins face-off versus Calle Jarnkrok in neutral zone.
0:04 of 3rd period - Shot by Evander Kane.
0:04 of 3rd period - Shot Misses the Net.
0:06 of 3rd period - Shot by Ryan O'Reilly.
0:06 of 3rd period - Stopped by Charlie Lindgren without a rebound.
0:07 of 3rd period - Calle Jarnkrok wins face-off versus Ryan O'Reilly in VEGAS Golden Knights zone.
1:52 of 3rd period - Shot by Evgeny Kuznetsov.
1:52 of 3rd period - Shot Misses the Net.
1:54 of 3rd period - Shot by Evgeny Kuznetsov.
1:54 of 3rd period - Stopped by Charlie Lindgren with a rebound.
1:56 of 3rd period - Shot by Evgeny Kuznetsov.
1:56 of 3rd period - Shot Misses the Net.
1:57 of 3rd period - Minor Penalty to Brenden Dillon for High sticking.
1:58 of 3rd period - Matt Stajan wins face-off versus Ryan O'Reilly in VEGAS Golden Knights zone.
2:17 of 3rd period - Shot by Erik Karlsson.
2:17 of 3rd period - Shot Misses the Net.
2:19 of 3rd period - Shot by Cam Fowler.
2:19 of 3rd period - Shot Misses the Net.
2:21 of 3rd period - Shot by Alexander Wennberg.
2:21 of 3rd period - Shot Misses the Net.
2:23 of 3rd period - Shot by Erik Karlsson.
2:23 of 3rd period - Shot Blocked by Jordan Oesterle.
2:25 of 3rd period - Shot by Erik Karlsson.
2:25 of 3rd period - Shot Misses the Net.
2:50 of 3rd period - Shot by Sidney Crosby.
2:50 of 3rd period - Shot Misses the Net.
2:52 of 3rd period - Shot by T.J. Oshie.
2:52 of 3rd period - Stopped by Charlie Lindgren with a rebound.
2:54 of 3rd period - Shot by T.J. Oshie.
2:54 of 3rd period - Goal by T.J. Oshie - VEGAS Golden Knights : 0 - DETROIT Red Wings : 4.
2:55 of 3rd period - Antoine Roussel wins face-off versus Lars Eller in neutral zone.
3:04 of 3rd period - Shot by Joel Ward.
3:04 of 3rd period - Stopped by Carey Price without a rebound.
3:05 of 3rd period - Antoine Roussel wins face-off versus Derek MacKenzie in DETROIT Red Wings zone.
3:31 of 3rd period - Shot by Pierre-Edouard Bellemare.
3:31 of 3rd period - Shot Misses the Net.
3:46 of 3rd period - Shot by Derek MacKenzie.
3:46 of 3rd period - Shot Misses the Net.
4:29 of 3rd period - Shot by Sidney Crosby.
4:29 of 3rd period - Shot Misses the Net.
5:49 of 3rd period - Shot by Ryan O'Reilly.
5:49 of 3rd period - Shot Misses the Net.
5:57 of 3rd period - Shot by Evander Kane.
5:57 of 3rd period - Deflect By Ryan O'Reilly.
5:57 of 3rd period - Goal by Ryan O'Reilly - VEGAS Golden Knights : 0 - DETROIT Red Wings : 5.
5:58 of 3rd period - Derek MacKenzie wins face-off versus Calle Jarnkrok in neutral zone.
6:25 of 3rd period - Shot by Derek MacKenzie.
6:25 of 3rd period - Shot Misses the Net.
6:27 of 3rd period - Shot by Derek MacKenzie.
6:27 of 3rd period - Stopped by Charlie Lindgren without a rebound.
6:28 of 3rd period - Cody Eakin wins face-off versus Ryan O'Reilly in VEGAS Golden Knights zone.
6:28 of 3rd period - Cody Eakin is hit by Evander Kane.
6:43 of 3rd period - Shot by Ryan O'Reilly.
6:43 of 3rd period - Stopped by Charlie Lindgren without a rebound.
6:44 of 3rd period - Michael Raffl wins face-off versus Sidney Crosby in VEGAS Golden Knights zone.
7:03 of 3rd period - Shot by Evgeny Kuznetsov.
7:03 of 3rd period - Deflect By Sidney Crosby.
7:03 of 3rd period - Stopped by Charlie Lindgren with a rebound.
7:30 of 3rd period - Jordan Oesterle is hit by Jeff Petry and loses puck.
8:33 of 3rd period - Shot by Ryan O'Reilly.
8:33 of 3rd period - Shot Misses the Net.
8:46 of 3rd period - Calle Jarnkrok is hit by Jan Rutta and loses puck.
9:14 of 3rd period - Shot by Zach Hyman.
9:14 of 3rd period - Shot Misses the Net.
9:16 of 3rd period - Shot by Lars Eller.
9:16 of 3rd period - Shot Blocked by Calle Jarnkrok.
10:41 of 3rd period - Shot by Sidney Crosby.
10:41 of 3rd period - Shot Misses the Net.
11:21 of 3rd period - Shot by Alexander Wennberg.
11:21 of 3rd period - Stopped by Charlie Lindgren with a rebound.
11:26 of 3rd period - Off-side.
11:27 of 3rd period - Lars Eller wins face-off versus Calle Jarnkrok in neutral zone.
11:31 of 3rd period - Shot by Bryan Rust.
11:31 of 3rd period - Stopped by Charlie Lindgren without a rebound.
11:32 of 3rd period - Ryan O'Reilly wins face-off versus Cody Eakin in VEGAS Golden Knights zone.
11:56 of 3rd period - Shot by Marc Methot.
11:56 of 3rd period - Shot Hit the Post.
11:58 of 3rd period - Shot by Mike Reilly.
11:58 of 3rd period - Shot Blocked by Alexander Wennberg.
12:00 of 3rd period - Shot by Cody Eakin.
12:00 of 3rd period - Stopped by Carey Price without a rebound.
12:01 of 3rd period - Calle Jarnkrok wins face-off versus Lars Eller in DETROIT Red Wings zone.
12:16 of 3rd period - Shot by Bryan Rust.
12:16 of 3rd period - Stopped by Charlie Lindgren with a rebound.
12:24 of 3rd period - Shot by Lars Eller.
12:24 of 3rd period - Stopped by Charlie Lindgren without a rebound.
12:25 of 3rd period - Antoine Roussel wins face-off versus Sidney Crosby in VEGAS Golden Knights zone.
12:32 of 3rd period - Shot by Zack Kassian.
12:32 of 3rd period - Stopped by Carey Price without a rebound.
12:33 of 3rd period - Sidney Crosby wins face-off versus Calle Jarnkrok in DETROIT Red Wings zone.
12:33 of 3rd period - Sidney Crosby is hit by Nick Bjugstad.
12:53 of 3rd period - Shot by Sidney Crosby.
12:53 of 3rd period - Shot Misses the Net.
12:55 of 3rd period - Shot by Cam Fowler.
12:55 of 3rd period - Stopped by Charlie Lindgren with a rebound.
12:57 of 3rd period - Shot by Cam Fowler.
12:57 of 3rd period - Stopped by Charlie Lindgren without a rebound.
12:58 of 3rd period - Cody Eakin wins face-off versus Ryan O'Reilly in VEGAS Golden Knights zone.
12:58 of 3rd period - Cody Eakin is hit by Alexander Wennberg.
13:28 of 3rd period - Shot by Evander Kane.
13:28 of 3rd period - Stopped by Charlie Lindgren without a rebound.
13:29 of 3rd period - Calle Jarnkrok wins face-off versus Lars Eller in VEGAS Golden Knights zone.
13:56 of 3rd period - Shot by Nick Bjugstad.
13:56 of 3rd period - Shot Misses the Net.
14:09 of 3rd period - Shot by Lars Eller.
14:09 of 3rd period - Shot Misses the Net.
14:56 of 3rd period - Shot by Markus Granlund.
14:56 of 3rd period - Shot Misses the Net.
15:09 of 3rd period - Markus Granlund is hit by Shayne Gostisbehere.
15:55 of 3rd period - Icing by Marc Methot.
15:56 of 3rd period - Derek MacKenzie wins face-off versus Antoine Roussel in VEGAS Golden Knights zone.
17:10 of 3rd period - Evander Kane is hit by Brenden Dillon and loses puck.
17:26 of 3rd period - Shot by Alexander Wennberg.
17:26 of 3rd period - Shot Misses the Net.
17:34 of 3rd period - Shot by Calle Jarnkrok.
17:34 of 3rd period - Stopped by Carey Price without a rebound.
17:35 of 3rd period - Cody Eakin wins face-off versus Sidney Crosby in DETROIT Red Wings zone.
17:55 of 3rd period - Evgeny Kuznetsov is hit by Marc Methot and loses puck.
18:10 of 3rd period - Shot by Sidney Crosby.
18:10 of 3rd period - Shot Misses the Net.
18:22 of 3rd period - Sidney Crosby is hit by Marc Methot and loses puck.
18:46 of 3rd period - Minor Penalty to Marc Methot for Slashing.
18:47 of 3rd period - Ryan O'Reilly wins face-off versus Matt Stajan in VEGAS Golden Knights zone.
19:00 of 3rd period - Shot by Erik Karlsson.
19:00 of 3rd period - Stopped by Charlie Lindgren without a rebound.
19:01 of 3rd period - Evander Kane wins face-off versus Matt Stajan in VEGAS Golden Knights zone.
19:10 of 3rd period - Shot by Evander Kane.
19:10 of 3rd period - Shot Misses the Net.
19:22 of 3rd period - Shot by Cam Fowler.
19:22 of 3rd period - Stopped by Charlie Lindgren without a rebound.
19:23 of 3rd period - Sidney Crosby wins face-off versus Matt Stajan in VEGAS Golden Knights zone.
19:26 of 3rd period - Shot by T.J. Oshie.
19:26 of 3rd period - Deflect By Sidney Crosby.
19:26 of 3rd period - Shot Blocked by Jordan Oesterle.
Goals for this period are 0 for VEGAS Golden Knights vs 2 for DETROIT Red Wings.
Shots for this period are 4 for VEGAS Golden Knights vs 17 for DETROIT Red Wings.